 Dungeon Crawl Stone Soup version 0.28-a0-828-g0121872642 (webtiles) character file.

Game seed: 7702487392383018559

114 cheechan the Shooter (level 4, 0/60 HPs)
             Began as a Naga Hunter on Nov 10, 2021.
             Slain by an orc (2 damage)
             ... on level 2 of the Dungeon.
             The game lasted 00:07:02 (1979 turns).

cheechan the Shooter (Naga Hunter)                  Turns: 1979, Time: 00:07:02

Health: 0/60       AC:  6    Str: 14    XL:     4   Next: 97%
Magic:  4/4        EV:  9    Int: 11    God:
Gold:   15         SH:  0    Dex: 13    Spells: 3/3 levels left

rFire   . . .      SeeInvis +   h - +2 dagger (drain)
rCold   . . .      Faith    .   (no shield)
rNeg    . . .      Spirit   .   c - +0 leather armour
rPois   +          Reflect  .   (no helmet)
rElec   .          Harm     .   (no cloak)
rCorr   .          Rampage  .   n - +2 pair of gloves
Will    .....                   (no barding)
Stlth   ..........              (no amulet)
HPRegen 0.20/turn               (no ring)
MPRegen 0.09/turn               (no ring)

@: berserking, quick
A: AC +1, large, see invisible, deformed body, poison resistance, slowness 2,
spit poison 1, naga tail 1
a: Spit Poison


You were on level 2 of the Dungeon.
You visited 1 branch of the dungeon, and saw 3 of its levels.

You collected 15 gold pieces.

Inventory:

Hand Weapons
 a - a +1 shortbow
 h - a +2 dagger of draining (weapon)
Missiles
 b - 13 sling bullets
Armour
 c - a +0 leather armour (worn)
 n - a +2 pair of gloves (worn)
Potions
 f - a potion of flight {unknown}
 g - a potion of brilliance {unknown}
 i - a potion of attraction {unknown}
 j - a potion of resistance {unknown}
 k - a potion of lignification {unknown}
 l - a potion of berserk rage
 m - a potion of heal wounds {unknown}


   Skills:
 + Level 2.4 Fighting
 + Level 0.4 Short Blades
 + Level 4.6 Bows
 + Level 1.3 Armour
 + Level 2.0 Dodging
 + Level 2.1 Stealth


You had 3 spell levels left.
You didn't know any spells.
Your spell library contained the following spells:

 Spells                   Type           Power      Damage    Failure   Level
 Pain                     Necr           0%         1d4       41%         1
 Blink                    Tloc           0%         N/A       54%         2
 Lesser Beckoning         Tloc           0%         N/A       78%         3
 Agony                    Necr           0%         N/A       100%        5
 Excruciating Wounds      Necr           0%         N/A       100%        5
 Manifold Assault         Tloc           0%         N/A       100%        5


Dungeon Overview and Level Annotations

Branches:
Dungeon (3/15)

Altars:

Annotations:
D:2 Robin


Innate Abilities, Weirdness & Mutations

Your serpentine skin is tough. (AC +1)
You have supernaturally acute eyesight. (SInv)
Armour fits poorly on your strangely shaped body.
Your system is resistant to poisons. (rPois)
You cover ground very slowly.
You can spit poison.
You have a snake-like lower body.


Message History

Robin hits you with a +0 dagger.
You hit the orc but do no damage.
The orc is heavily wounded.
The orc hits you with a +0 dagger.
* * * LOW HITPOINT WARNING * * *
The goblin closely misses you. Robin hits you but does no damage.
You barely miss the orc.
The orc is moderately wounded.
The orc barely misses you. The goblin hits you with a +0 club.
* * * LOW HITPOINT WARNING * * *
Robin barely misses you.
You feel better. The orc hits you with a +0 dagger.
* * * LOW HITPOINT WARNING * * *
The goblin barely misses you. Robin hits you but does no damage.
You hit the orc but do no damage.
The orc is lightly wounded.
The orc hits you but does no damage. The goblin barely misses you.
Robin hits you but does no damage.
You hit the orc.
The orc is moderately wounded.
The goblin no longer looks unusually strong.
The orc hits you but does no damage. The goblin hits you but does no damage.
Robin roars a battlecry!
The goblin goes into a battle-frenzy!
You hit the orc but do no damage.
The orc is moderately wounded.
The orc hits you but does no damage. The goblin hits you with a +0 club.
* * * LOW HITPOINT WARNING * * *
Robin hits you with a +0 dagger.
* * * LOW HITPOINT WARNING * * *
You hit the orc.
The orc is almost dead.
The orc hits you but does no damage. The goblin hits you with a +0 club.
* * * LOW HITPOINT WARNING * * *
Robin hits you but does no damage.
It was a potion of berserk rage.
A red film seems to cover your vision as you go berserk!
You feel yourself moving faster!
You feel mighty! The orc hits you with a +0 dagger.
You die...

....## #.###..........# .....#
#.# #.......†..# ..>..#
#.###..........# .....#
#.#...........##
.....########...###......)#
....)..........## #######.#######
.....#......#.## #........
..<.......(...####### ########.
.......####....g@g..############.
.......# ###.#)o##..............
.......# #.##.....#####.......
#.....## #.######.# #.......
#......# #.# #.## #.......
.......# #.# #..####.......
.......### #.# ##...##.......
.<.(...>.## #.# ###........##
......##..# #.# ####.###...


You could see Robin (drained), an orc (drained) and a goblin (strong).

Vanquished Creatures
  An orc wizard (D:2)
  2 adders (D:2)
  2 worms
  A dart slug (D:1)
  6 endoplasms
  5 giant cockroaches (D:1)
  10 goblins
  6 hobgoblins
  3 jackals (D:1)
  A quokka (D:2)
  A ball python (D:2)
  2 bats (D:2)
  11 kobolds
  8 rats
59 creatures vanquished.

Notes
Turn   | Place    | Note
-------+----------+-------------------------------------------
     0 | D:1      | cheechan the Naga Hunter began the quest for the Orb.
     0 | D:1      | Reached XP level 1. HP: 19/19 MP: 1/1
     1 | D:1      | Found a runed translucent door.
   437 | D:1      | Reached XP level 2. HP: 21/26 MP: 2/2
   474 | D:1      | Reached skill level 4 in Bows
   799 | D:1      | Reached XP level 3. HP: 27/32 MP: 3/3
   970 | D:2      | Reached XP level 4. HP: 5/40 MP: 4/4
  1503 | D:2      | Found a faded altar of an unknown god.
  1603 | D:2      | Reached skill level 1 in Armour
  1786 | D:3      | Noticed Robin
  1978 | D:2      | HP: 1/40 [goblin[Robin] (5)]
  1979 | D:2      | Slain by an orc

Illustrated notes

Levels and vault maps discovered:
D:1:      dpeg_arrival_caged_fury, layout_rooms, minmay_misc_feat_roman
D:2:      layout_rooms, hellmonk_ecumenical_altar_prayer_group
D:3:      kb_forest_paths, layout_rooms, mainiacjoe_overflow_catwalk,
          minmay_misc_feat_tower, uniq_robin

Skill      XL: |  1  2  3  4 |
---------------+-------------+-----
Bows           | 4 |  4.6
Armour         | 1 |  1.3
Stealth        | 2 |  2.1
Dodging        | 2 |  2.0
Fighting       | |  2.4
Short Blades   | |  0.4

Action                   |  1- 3 |  4- 6 || total
-------------------------+-------+-------++-------
Melee: Dagger            |    28 |    42 ||    70
       Shortbow          |     2 |       ||     2
 Fire: Shortbow          |    60 |    25 ||    85
 Abil: Spit Poison       |    11 |     7 ||    18
  Use: Scroll            |     2 |       ||     2
       Potion            |     1 |     2 ||     3
Armor: Leather armour    |    23 |    44 ||    67
Dodge: Dodged            |    45 |    40 ||    85

Table legend: (Time is in decaauts)
 A = Elapsed time spent in this place.
 B = Non-inter-level travel time spent in this place.
 C = Inter-level travel time spent in this place.
 D = Time resting spent in this place.
 E = Time spent auto-exploring this place.
 F = Levels seen in this place.
 G = Mean time per level.
                   A        B        C        D        E       F      G
               +--------+--------+--------+--------+--------+-----+--------+
         Total |   2400 |   2400 |      0 |    683 |      0 |   3 |  800.0 |
       Dungeon |   2400 |   2400 |      0 |    683 |      0 |   3 |  800.0 |
               +--------+--------+--------+--------+--------+-----+--------+

Top non-repeatable levels by time:
     D:2: 1315 daAuts
     D:1: 1069 daAuts
     D:3: 16 daAuts
